 Dungeon Crawl Stone Soup version 0.30-a0-374-g95c0257040 (webtiles) character file.

Game seed: 17801093417714580079

56184 NinjaNoafa the Bludgeoner (level 14, -3/121 HPs)
             Began as a Minotaur Fighter on Nov 26, 2022.
             Was the Champion of Wu Jian.
             Slain by an orc knight
             ... wielding a +0 glaive
              (15 damage)
             ... on level 2 of the Orcish Mines on Nov 27, 2022.
             The game lasted 01:01:57 (20325 turns).

NinjaNoafa the Bludgeoner (Minotaur Fighter)       Turns: 20325, Time: 01:01:58

Health: -3/121     AC: 25    Str: 29    XL:     14   Next: 41%
Magic:  13/13      EV: 10    Int:  7    God:    Wu Jian [******]
Gold:   651        SH:  0    Dex: 16    Spells: 13/13 levels left

rFire   + . .      SeeInvis .    Y - +5 great mace "Aduekocva" {vamp, rN+ Int+3}
rCold   + . .      Faith    +    (shield currently unavailable)
rNeg    + . .      Spirit   .    V - -2 crystal plate armour
rPois   +          Reflect  .    (helmet restricted)
rElec   .          Harm     .    (no cloak)
rCorr   +          Rampage  .    F - +1 Delatra's gloves {ID++}
Will    .....                    e - +1 pair of boots
Stlth   ..........               C - amulet of faith
HPRegen 0.40/turn                K - +6 ring of dexterity
MPRegen 0.13/turn                T - ring "Poav" {rPois rF+ rC+ Will- rCorr}

@: confused, ambrosia-drunk, in a heavenly storm, glowing
A: horns 2, retaliatory headbutt, strong 1, sturdy frame 1
a: Renounce Religion, Wall Jump, Serpent's Lash, Heavenly Storm


You were on level 2 of the Orcish Mines.
You worshipped Wu Jian.
Wu Jian was exalted by your worship.
You visited 4 branches of the dungeon, and saw 20 of its levels.
You also visited: Ossuary and Volcano.

You collected 2344 gold pieces.
You spent 1693 gold pieces at shops.

Inventory:

Hand Weapons
 Y - the +5 great mace "Aduekocva" (weapon) {vamp, rN+ Int+3}
   (You bought it in a shop on level 11 of the Dungeon)

   It occasionally heals its wielder for a portion of the damage dealt when it
   wounds a living foe.
   Int:       It affects your intelligence (+3).
   rN:        It protects you from negative energy.
Missiles
 b - 18 boomerangs
 g - 168 stones
 J - 12 curare-tipped darts
 R - 12 poisoned darts
 U - 5 datura-tipped darts
 Z - a silver boomerang
Armour
 e - a +1 pair of boots (worn)
 F - the +1 Delatra's gloves (worn) {ID++}
   (You found it on level 5 of the Dungeon)

   It heals its wearer when they drink unknown potions.
   It restores its wearer's MP when they read unknown scrolls.
 V - a -2 crystal plate armour (worn)
Jewellery
 c - a ring of protection from cold
 h - a ring of flight
 C - an amulet of faith (around neck)
 K - a +6 ring of dexterity (left hand)
 T - the ring "Poav" (right hand) {rPois rF+ rC+ Will- rCorr}
   (You found it on level 9 of the Dungeon)

   [ring of poison resistance]

   rF:        It protects you from fire.
   rC:        It protects you from cold.
   rPois:     It protects you from poison.
   rCorr:     It protects you from acid and corrosion.
   Will:      It decreases your willpower.
Wands
 i - a wand of digging (6)
 H - a wand of roots (4)
 N - a wand of charming (12)
 O - a wand of flame (15)
Scrolls
 a - 4 scrolls of vulnerability {unknown}
 l - 4 scrolls of summoning {unknown}
 m - 6 scrolls of silence
 n - 11 scrolls of teleportation
 o - 3 scrolls of enchant weapon {unknown}
 q - 2 scrolls of fear {unknown}
 s - 8 scrolls of immolation
 v - 2 scrolls of brand weapon {unknown}
 w - 2 scrolls of blinking
 y - 4 scrolls of enchant armour {unknown}
 z - 4 scrolls of amnesia {unknown}
 A - 6 scrolls of magic mapping {unknown}
 D - 2 scrolls of butterflies
 I - a scroll of poison
 X - a scroll of identify
Potions
 f - a potion of heal wounds
 j - 3 potions of mutation
 k - 5 potions of flight
 p - 2 potions of invisibility {unknown}
 r - 3 potions of resistance
 t - 6 potions of haste
 u - 2 potions of berserk rage {unknown}
 x - 5 potions of curing
 B - 4 potions of attraction {unknown}
 E - 3 potions of cancellation
 L - a potion of lignification
 P - a potion of degeneration
 Q - a potion of magic
 S - 2 potions of might


   Skills:
 - Level 10.0 Fighting
 - Level 20.0 Maces & Flails
 - Level 6.0 Throwing
 + Level 12.8 Armour
 - Level 14.0 Shields
 - Level 6.0 Evocations


You had 13 spell levels left.
You didn't know any spells.
Your spell library contained the following spells:

 Spells                   Type           Power      Damage    Failure   Level
 Kiss of Death            Conj/Necr      0%         2d5       99%         1
 Cigotuvi's Dreadful Rot  Necr/Pois/Air  0%         N/A       100%        2
 Poisonous Vapours        Pois/Air       0%         N/A       100%        2
 Sublimation of Blood     Necr           0%         N/A       100%        2
 Wereblood                Tmut           0%         N/A       100%        2
 Confusing Touch          Hex            0%         N/A       100%        3
 Kindle Blastsparks       Fire/Tloc/Air  0%         2d10      100%        3
 Mephitic Cloud           Conj/Pois/Air  0%         N/A       100%        3
 Animate Dead             Necr           0%         N/A       100%        4
 Dispel Undead            Necr           0%         3d6       100%        4
 Fulminant Prism          Conj/Hex       0%         3d5       100%        4
 Iskenderun's Mystic Bla  Conj/Tloc      0%         2d3       100%        4
 Leda's Liquefaction      Hex/Erth       0%         N/A       100%        4
 Petrify                  Tmut/Erth      0%         N/A       100%        4
 Irradiate                Conj/Tmut      0%         3d11      100%        5
 Lee's Rapid Deconstruct  Erth           0%         3d4*      100%        5
 Death Channel            Necr           0%         N/A       100%        6
 Statue Form              Tmut/Erth      0%         N/A       100%        6
 Haunt                    Necr/Summ      0%         N/A       100%        7
 Summon Hydra             Summ           0%         N/A       100%        7
 Infestation              Necr           0%         N/A       100%        8


Dungeon Overview and Level Annotations

Branches:
Dungeon (12/15)            Temple (1/1) D:4            Lair (5/5) D:11
 Shoals (0/4) Lair:3       Spider (0/4) Lair:2        Slime (0/5) Lair:5
    Orc (2/2) D:11            Elf (0/3) Orc:2       Ossuary (visited)
Volcano (visited)

Altars:
Ashenzari
Cheibriados
Dithmenos
Elyvilon
Fedhas
Gozag
Hepliaklqana
Kikubaaqudgha
Makhleb
Nemelex Xobeh
Okawaru
Qazlal
Ru
Sif Muna
Trog
Uskayaw
Vehumet
Wu Jian
Xom
Yredelemnul
Zin
The Shining One
Jiyva

Shops:
D:10 *   D:11 (   Orc:2 *[**=*(

Annotations:
D:8 3 runed translucent doors


Innate Abilities, Weirdness & Mutations

You have a pair of horns on your head.
You reflexively headbutt those who attack you in melee.
Your muscles are strong. (Str +4, Int/Dex -1)
Your movements are slightly less encumbered by armour. (ER -2)


Message History

The orc sorcerer mumbles some strange words.
The orc warrior hits you but does no damage.
The orc knight hits you but does no damage.
The orc hits you but does no damage.
The orc warrior moves out of view. x2
Things that are here:
a +0 long sword; a +0 plate armour; an orc corpse You barely miss the orc.
You headbutt the orc!
You kill the orc!
The Council accepts your kill. The orc knight barely misses you.
The orc warrior barely misses you.
You hit the orc knight but do no damage.
The smoke demon hits you but does no damage. x3
The orc warrior closely misses you.
The orc warrior hits you but does no damage.
The orc knight misses you.
The orc warrior hits you from afar with a +0 halberd!!
The orc knight roars a battlecry!
You are confused.
You feel invigorated. The smoke demon gestures at you.
The ball of steam hits you! You resist.
The orc knight hits you with a +0 war axe!
The orc warrior hits you from afar with a +0 halberd!!
* * * LOW HITPOINT WARNING * * *
The orc warrior hits you but does no damage.
The orc warrior hits you from afar with a +0 halberd!
* * * LOW HITPOINT WARNING * * *
The orc knight hits you but does no damage.
The orc sorcerer hits you but does no damage.
You feel much better.
The orc warrior no longer looks unusually strong.
The smoke demon closely misses you. The smoke demon barely misses you. x2
The orc knight hits you with a +0 war axe!
* * * LOW HITPOINT WARNING * * *
The orc warrior closely misses you.
The orc warrior hits you but does no damage.
The orc warrior hits you from afar with a +0 halberd!
* * * LOW HITPOINT WARNING * * *
The orc knight hits you from afar with a +0 glaive!
You die...

### ##........)..................
#$###.#.##.......................
.................................
#.)...#.....######..#######.###.#
#....#......#∩...#..# #.# #.#
............#..o.#..#### #.###.#
..#.........#.ooo#☼☼... .......
(#.∩.o..o.oo###o##§§## #......
.#.....#o..oo.o3@§§☼# #.# #..8...
....#.....oo###o###§# #.# #......
....##...$..#ooo ###.###.###'#
............#.oo ......[.#..
............#..o ###.###.#.
............#∩.. # #.# #.#
............#######.###.###.#####
............. .......[.........
.......#...... ........÷..[))[..


You could see 2 orc knights, a smoke demon (summoned), an orc sorcerer (strong)
and 4 orc warriors.

Vanquished Creatures
  Snorg (D:11)
  Josephine (D:10)
  4 hydras
  Erica (Orc:1)
  2 two-headed ogres
  A hell knight (Volcano)
  Amaemon (D:11)
  A sun demon (Volcano)
  Nergalle (D:10)
  A goliath frog (Lair:5)
  4 lindwurms (Lair:3)
  4 orc knights (Orc:2)
  An ugly thing (Volcano)
  An oklob plant (Lair:1)
  2 cyclopes
  A black mamba (Lair:5)
  2 molten gargoyles (Volcano)
  4 elephants (Lair:2)
  17 cane toads
  A torpor snail (Lair:2)
  Maggie (D:6)
  A gargoyle (D:10)
  An orange demon (D:11)
  4 rime drakes
  An unseen horror (D:10)
  2 ice devils (Lair:1)
  An unseen horror zombie (D:9)
  7 komodo dragons
  A freezing wraith (D:11)
  3 tyrant leeches (Lair:5)
  3 polar bears
  6 trolls
  2 hornets
  29 blink frogs
  4 shadows
  6 wraiths
  2 wyverns
  Eustachio (D:6)
  3 basilisks
  38 yaks
  A fire elemental (Lair:3)
  6 vampire mosquitoes
  2 fire bats (Volcano)
  A steam dragon (D:9)
  Edmund (D:6)
  7 wargs
  3 hell hounds (Volcano)
  13 water moccasins
  25 orc warriors
  3 black bears
  5 ice beasts (D:11)
  2 sky beasts (D:6)
  7 ogres
  20 wolves
  14 centaurs
  2 gnoll sergeants
  3 kobold brigands (D:9)
  18 bullfrogs
  3 scorpions
  6 wights (D:9)
  4 electric eels
  3 howler monkeys
  6 lava snakes (Volcano)
  2 jellies
  A human zombie (Ossuary)
  A gnoll bouda (Orc:1)
  5 orc priests
  4 hounds
  6 iguanas
  4 hell rats (Lair:4)
  17 orc wizards
  Terence (D:2)
  2 hound zombies (Ossuary)
  4 mummies (Ossuary)
  A howler monkey zombie (D:9)
  19 gnolls
  4 adders
  3 white imps
  An ufetubus (D:6)
  2 worms (D:2)
  5 dart slugs
  91 orcs
  5 ball pythons
  9 endoplasms
  3 giant cockroaches
  6 goblins
  7 hobgoblins
  4 jackals (D:1)
  7 quokkas
  6 bats
  3 frilled lizards
  A gnoll zombie (Ossuary)
  A goblin zombie (Ossuary)
  A jackal zombie (Ossuary)
  21 kobolds
  A kobold zombie (Ossuary)
  An orc zombie (Ossuary)
  12 rats
  4 rat zombies (Ossuary)
  A bush (Lair:1)
  A butterfly (Lair:3)
589 creatures vanquished.

Vanquished Creatures (collateral kills)
  A blink frog (Lair:2)
1 creature vanquished.

Vanquished Creatures (others)
  An orc wizard (D:11)
  40 fungi
  87 plants
  3 withered plants (D:9)
131 creatures vanquished.

Grand Total: 721 creatures vanquished

Notes
Turn   | Place    | Note
-------+----------+-------------------------------------------
     0 | D:1      | NinjaNoafa the Minotaur Fighter began the quest for the
                  | Orb.
     0 | D:1      | Reached XP level 1. HP: 19/19 MP: 0/0
    82 | D:1      | Reached skill level 3 in Maces & Flails
    82 | D:1      | Reached XP level 2. HP: 21/26 MP: 1/1
   341 | D:1      | Reached skill level 4 in Maces & Flails
   434 | D:1      | Reached XP level 3. HP: 25/31 MP: 2/2
   919 | D:2      | Reached skill level 5 in Maces & Flails
   947 | D:2      | Noticed Terence
   955 | D:2      | Killed Terence
   956 | D:2      | Reached XP level 4. HP: 29/39 MP: 3/3
  1673 | D:3      | Found a faded altar of an unknown god.
  1714 | D:2      | Reached skill level 6 in Maces & Flails
  1760 | D:3      | Reached XP level 5. HP: 43/45 MP: 4/4
  2467 | D:4      | Reached skill level 7 in Maces & Flails
  2511 | D:4      | Reached XP level 6. HP: 39/51 MP: 5/5
  2518 | D:4      | Reached skill level 8 in Maces & Flails
  2593 | D:4      | Found a staircase to the Ecumenical Temple.
  2602 | Temple   | Entered the Ecumenical Temple
  2733 | Temple   | Became a worshipper of the Wu Jian Council
  3086 | D:4      | Found a sand-covered staircase.
  3096 | Ossuary  | Entered an ossuary
  3158 | Ossuary  | Reached * piety under Wu Jian
  3159 | Ossuary  | Reached skill level 9 in Maces & Flails
  3358 | D:4      | Found a bloodstained altar of Trog.
  3367 | D:4      | Found a glowing silver altar of Zin.
  3370 | D:4      | Found an opulent altar of Gozag.
  3370 | D:4      | Found a basalt altar of Yredelemnul.
  3379 | D:4      | Reached XP level 7. HP: 52/57 MP: 6/6
  3396 | D:4      | Found a burning altar of Makhleb.
  3718 | D:5      | Entered Level 5 of the Dungeon
  3916 | D:5      | Reached skill level 10 in Maces & Flails
  3978 | D:5      | Found the +1 Delatra's gloves {ID++}
  4287 | D:5      | Reached skill level 11 in Maces & Flails
  4473 | D:5      | Reached ** piety under Wu Jian
  4493 | D:5      | Reached XP level 8. HP: 62/64 MP: 7/7
  4625 | D:5      | Found a sparkling altar of Nemelex Xobeh.
  4844 | D:6      | Reached skill level 12 in Maces & Flails
  4883 | D:6      | Found a shimmering altar of Xom.
  4967 | D:6      | Noticed Eustachio
  4990 | D:6      | Killed Eustachio
  5301 | D:6      | Reached skill level 13 in Maces & Flails
  5351 | D:6      | Noticed Edmund
  5364 | D:6      | Killed Edmund
  5428 | D:6      | Noticed Maggie
  5449 | D:6      | Killed Maggie
  5450 | D:6      | Reached skill level 14 in Maces & Flails
  5450 | D:6      | Reached XP level 9. HP: 18/71 MP: 8/8
  7156 | D:8      | Reached skill level 5 in Fighting
  7156 | D:8      | Reached skill level 5 in Armour
  7208 | D:8      | Reached skill level 5 in Shields
  7214 | D:8      | Reached *** piety under Wu Jian
  7484 | D:8      | Found a runed translucent gate.
  7484 | D:8      | Found a runed translucent gate.
  7484 | D:8      | Found a runed translucent gate.
  7490 | D:8      | Noticed a glowing orange brain
  7491 | D:8      | Noticed a green ugly thing
  7492 | D:8      | Noticed a cyan ugly thing
  7492 | D:8      | Noticed a cyan ugly thing
  7494 | D:8      | Noticed a brown ugly thing
  7553 | D:9      | Reached skill level 15 in Maces & Flails
  7659 | D:9      | Noticed a two-headed ogre
  7664 | D:9      | Killed a two-headed ogre
  7765 | D:9      | Reached XP level 10. HP: 76/81 MP: 9/9
  7767 | D:9      | Reached skill level 16 in Maces & Flails
  8127 | D:9      | Paralysed by a hornet for 3 turns
  8415 | D:9      | Reached **** piety under Wu Jian
  8475 | D:9      | Identified the ring "Poav" {rPois rF+ rC+ Will- rCorr}
  8940 | D:10     | Entered Level 10 of the Dungeon
  9220 | D:10     | Noticed a gargoyle
  9228 | D:10     | Killed a gargoyle
  9403 | D:10     | Found Laust's Lightly-Used Armoury.
  9413 | D:10     | Bought a -2 eveningstar for 55 gold pieces
  9477 | D:10     | Bought a -2 crystal plate armour for 770 gold pieces
  9623 | D:10     | Noticed Josephine
  9626 | D:10     | Noticed Nergalle
  9633 | D:10     | Killed Josephine
  9634 | D:10     | Reached XP level 11. HP: 97/97 MP: 10/10
  9663 | D:10     | Killed Nergalle
  9664 | D:10     | Reached skill level 10 in Fighting
  9664 | D:10     | Reached skill level 10 in Armour
 10308 | D:11     | Noticed Amaemon
 10319 | D:11     | Killed Amaemon
 10344 | D:11     | Reached ***** piety under Wu Jian
 10359 | D:11     | Found a staircase to the Lair.
 10400 | D:11     | Noticed a two-headed ogre
 10408 | D:11     | Killed a two-headed ogre
 10409 | D:11     | Reached skill level 17 in Maces & Flails
 10540 | D:11     | Found Quacuj's Weapon Emporium.
 10780 | D:11     | Noticed Snorg
 10788 | D:11     | Killed Snorg
 10864 | D:11     | Identified the +1 robe "Weqar" {+Inv rPois Str+4 Slay-4}
 10973 | D:11     | Found a staircase to the Orcish Mines.
 11071 | Lair:1   | Entered Level 1 of the Lair of Beasts
 11071 | Lair:1   | Noticed an oklob plant
 11292 | Lair:1   | Reached XP level 12. HP: 106/106 MP: 11/11
 11922 | Lair:2   | Noticed an eight-headed hydra
 11935 | Lair:2   | Reached skill level 18 in Maces & Flails
 11958 | Lair:2   | Found an ornate altar of the Wu Jian Council.
 12060 | Lair:2   | You fall into a shaft and drop 1 floor!
 12075 | Lair:3   | Reached skill level 10 in Shields
 12206 | Lair:2   | Found a hole to the Spider Nest.
 12542 | Lair:2   | Killed an eight-headed hydra
 12807 | Lair:2   | Reached skill level 19 in Maces & Flails
 13512 | Lair:2   | Reached XP level 13. HP: 67/113 MP: 12/12
 14800 | Lair:3   | Found a staircase to the Shoals.
 15339 | Lair:4   | Found a dark tunnel.
 15348 | Volcano  | Entered a volcano
 15739 | Volcano  | Found a radiant altar of Vehumet.
 15748 | Volcano  | Reached skill level 20 in Maces & Flails
 15930 | Volcano  | Reached skill level 1 in Throwing
 16219 | Lair:4   | Reached skill level 1 in Evocations
 16431 | Lair:4   | Identified a scroll of acquirement
 16614 | Lair:4   | Reached ****** piety under Wu Jian
 16852 | Lair:5   | Entered Level 5 of the Lair of Beasts
 17520 | Lair:4   | Reached skill level 5 in Throwing
 17753 | Lair:5   | Found a viscous altar of Jiyva.
 17761 | Lair:5   | Found a staircase to the Slime Pits.
 17847 | Lair:5   | Reached skill level 5 in Evocations
 17881 | Lair:5   | Reached XP level 14. HP: 59/121 MP: 13/13
 18390 | Lair:5   | Acquired 465 gold pieces
 18893 | Lair:5   | Gained mutation: You sometimes lose your temper in combat.
                  | [potion of mutation]
 18894 | Lair:5   | Lost mutation: You sometimes lose your temper in combat.
                  | [potion of mutation]
 18894 | Lair:5   | Gained mutation: You are vulnerable to heat. (rF-) [potion
                  | of mutation]
 18894 | Lair:5   | Gained mutation: You expend magic power (3 MP) to
                  | strengthen your wands. [potion of mutation]
 18895 | Lair:5   | Lost mutation: You are vulnerable to heat. (rF-) [potion of
                  | mutation]
 18895 | Lair:5   | Lost mutation: You expend magic power (3 MP) to strengthen
                  | your wands. [potion of mutation]
 18895 | Lair:5   | Gained mutation: Your muscles are strong. (Str +4, Int/Dex
                  | -1) [potion of mutation]
 18895 | Lair:5   | Gained mutation: Your movements are slightly less
                  | encumbered by armour. (ER -2) [potion of mutation]
 19059 | Orc:1    | Entered Level 1 of the Orcish Mines
 19179 | Orc:1    | Noticed Erica
 19213 | Orc:1    | Killed Erica
 19403 | D:11     | Bought the +5 great mace "Aduekocva" {vamp, rN+ Int+3} for
                  | 868 gold pieces
 19681 | Orc:2    | Entered Level 2 of the Orcish Mines
 19995 | Orc:2    | Found Pedulod's Practical Paraphernalia.
 20078 | Orc:2    | Found Gech's Assorted Antiques.
 20078 | Orc:2    | Found Ineac's Antique Weapon Boutique.
 20188 | Orc:2    | Found Veynek's Jewellery Shoppe.
 20272 | Orc:2    | Found Sathoema's General Store.
 20285 | Orc:2    | Found a staircase to the Elven Halls.
 20288 | Orc:2    | Noticed an orc warlord
 20305 | Orc:2    | Found Ifedekk's Armour Shoppe.
 20321 | Orc:2    | Found Gumofoqu's General Store.
 20325 | Orc:2    | Slain by an orc knight

Illustrated notes

Levels and vault maps discovered:
D:1:      zaba_arrival_water, layout_basic
D:2:      layout_basic, uniq_terence
D:3:      layout_loops_ring, hellmonk_ecumenical_altar_blasted,
          minmay_fountain_box
D:4:      layout_basic, nicolae_overflow_hallway_of_the_gods,
          minmay_temple_entry_statues_pillars, nicolae_ossuary_entry_monument
D:5:      layout_loops_corners, nemelex_diamond_rough_becter,
          pf_guarded_unrand_delatra
D:6:      layout_basic, mainiacjoe_overflow_small_starburst, serial_aquarium,
          aquarium_bridge_island_small [aquarium_subvault_small_open,
          aquarium_subvault_bridge, aquarium_subvault_window,
          aquarium_subvault_window, aquarium_subvault_bridge],
          aquarium_bridge_straight [aquarium_subvault_bridge,
          aquarium_subvault_wall, aquarium_subvault_bridge,
          aquarium_subvault_wall], aquarium_window_fake, aquarium_window_fake,
          aquarium_window_2, aquarium_view_2e, aquarium_balcony_double_4,
          aquarium_pool_S, st_stairs_14, uniq_eustachio, uniq_edmund,
          uniq_maggie
D:7:      layout_loops_corners
D:8:      layout_basic, ploomutoo_gammafunk_ghost_potion_laboratory,
          supply_closet_lemuel, kennysheep_generic_room_15
D:9:      layout_stronghold, serial_undead, serial_undead_b, serial_undead_f,
          serial_undead_b, serial_undead_d, minmay_fractal_squares_gapless_5
D:10:     layout_roguey, hangedman_abyss_or_decor_stabs, minmay_shop_damaged,
          uniq_josephine, uniq_nergalle
D:11:     layout_cave_pools, hellmonk_lair_entry_icy, hiddenorc1_lemuel,
          grunt_decor_junction, st_stairs_8, kennysheep_windowed_goal,
          uniq_amaemon, uniq_snorg
D:12:     layout_loops_corners, minmay_misc_feat_iff, uniq_sonja, uniq_fannar
Temple:   nicolae_temple_superstar
Lair:1:   layout_roguey, portal_ice_cave_demonic_guard, minmay_lair_oklob_bushes
Lair:2:   layout_cave_pods, dummy_spider_entry, basic_altar, lemuel_fruit_tree,
          grunt_megastairs_3, serial_bayou_shore_a
Lair:3:   layout_gridlike, minmay_shoals_entry_centaurs, st_stairs_13,
          nicolae_lair_lindhole, lemuel_fruit_fields
Lair:4:   layout_roguey, enter_volcano_1, infiniplex_staircase_pool_2
Lair:5:   minmay_lair_end_frog_pond, layout_regular_city,
          dpeg_slime_entry_corner, minivault_11,
          grunt_forest_small_clearing_treed
Orc:1:    layout_caves, uniq_erica
Orc:2:    st_orc_town, layout_caves, serial_shops, shop, shop,
          nicolae_alphabet_shops

Skill      XL: |  1  2  3  4  5  6  7  8  9 10 11 12 13 14 |
---------------+-------------------------------------------+-----
Maces & Flails | 3 4 5 6 7 9 11 14 15 16 17 19 20 | 20.0
Fighting       | 5 9 10 | 10.0
Armour         | 5 9 10 12 | 12.8
Shields        | 5 8 12 14 | 14.0
Throwing       | 6 |  6.0
Evocations     | 5 6 |  6.0

Action                   |  1- 3 |  4- 6 |  7- 9 | 10-12 | 13-15 || total
-------------------------+-------+-------+-------+-------+-------++-------
Melee: Flail             |    80 |   141 |   132 |       |       ||   353
       Headbutt          |     8 |    26 |    54 |   152 |   166 ||   406
       Morningstar       |       |       |   121 |   142 |       ||   263
       Eveningstar       |       |       |       |   145 |       ||   145
       Demon whip        |       |       |       |   394 |   725 ||  1119
       Great mace        |       |       |       |       |   182 ||   182
Throw: Stone             |     1 |       |       |       |       ||     1
       Boomerang         |       |       |    17 |    13 |    60 ||    90
Invok: Lunge             |       |     6 |    16 |    31 |    43 ||    96
       Whirlwind         |       |       |    37 |   170 |   235 ||   442
       Serpent's Lash    |       |       |       |     1 |       ||     1
       Heavenly Storm    |       |       |       |     1 |     1 ||     2
 Abil: Wall Jump         |       |       |    16 |    31 |    16 ||    63
Evoke: Wand              |       |       |     6 |     3 |       ||     9
  Use: Potion            |       |       |     3 |     5 |     8 ||    16
       Scroll            |       |       |     1 |     7 |     6 ||    14
Armor: Scale mail        |    49 |   113 |    29 |       |       ||   191
       Chain mail        |       |       |   112 |    57 |       ||   169
       Crystal plate arm |       |       |       |   269 |   373 ||   642
       Skin              |       |       |       |       |    20 ||    20
Dodge: Dodged            |    35 |    79 |    84 |   110 |   149 ||   457
Block: Buckler           |    25 |    52 |    49 |    83 |       ||   209
       Kite shield       |       |       |       |   123 |   333 ||   456

Table legend: (Time is in decaauts)
 A = Elapsed time spent in this place.
 B = Non-inter-level travel time spent in this place.
 C = Inter-level travel time spent in this place.
 D = Time resting spent in this place.
 E = Time spent auto-exploring this place.
 F = Levels seen in this place.
 G = Mean time per level.
                   A        B        C        D        E       F      G
               +--------+--------+--------+--------+--------+-----+--------+
         Total |  20287 |  19162 |   1125 |     97 |  15087 |  22 |  922.1 |
       Dungeon |  10962 |  10320 |    642 |     97 |   8101 |  12 |  913.5 |
        Temple |    149 |    110 |     39 |      0 |     69 |   1 |  149.0 |
          Lair |   7081 |   6664 |    417 |      0 |   5464 |   5 | 1416.2 |
  Orcish Mines |   1030 |   1004 |     26 |      0 |    663 |   2 |  515.0 |
       Ossuary |    237 |    237 |      0 |      0 |    136 |   1 |  237.0 |
       Volcano |    825 |    825 |      0 |      0 |    653 |   1 |  825.0 |
               +--------+--------+--------+--------+--------+-----+--------+

Top non-repeatable levels by time:
  Lair:2: 2132 daAuts
     D:9: 1571 daAuts
  Lair:4: 1483 daAuts
  Lair:5: 1318 daAuts
    D:11: 1263 daAuts
     D:6: 1134 daAuts
  Lair:3: 1082 daAuts
     D:5: 1080 daAuts
  Lair:1: 1065 daAuts
     D:7: 1006 daAuts
     D:2: 942 daAuts
    D:10: 933 daAuts
     D:4: 873 daAuts
     D:3: 832 daAuts
 Volcano: 825 daAuts
